AoeStats
← KangourouGarou

Baltic

510371073Analyzed
2v2 RM · 14h ago on Sep 30, 2026· 43m 59s· 4 players
Game mode
Random Map
Map size
Medium (4 player)
Population
200
Speed
Normal
Resources
Standard
Victory
Conquest
Starting age
Dark Age
Ending age
Imperial Age
RankedLock teamsTeams togetherTeam positionsShared explorationLock speedFull tech treeHidden civsTurbo modeCheats
Victory
Defeat
🇬🇧 Koreans · United Kingdom
889
+15
🇦🇷 Varangians · Argentina
878
+15
🇫🇷 Saxons · France
864
-15
🇫🇷 Varangians · France
853
-15
KangourouGarou
10:05 Feudal Age
9:29 Loom
10:45 Double-Bit Axe
13:46 Fishing Lines
21:37 Fletching
24:13 Castle Age
22:48 Fletching
23:51 Wheelbarrow
24:40 Gold Mining
25:06 Stone Mining
27:36 Bow Saw
27:40 Careening
31:31 Bodkin Arrow
42:52 Gillnets
fabinnou
11:21 Feudal Age
12:05 Fishing Lines
12:21 Double-Bit Axe
19:51 Castle Age
18:30 Wheelbarrow
19:38 Gold Mining
20:06 Horse Collar
21:30 Squires
24:56 Forging
24:49 Scale Mail Armor
25:49 Heavy Plow
26:10 Bow Saw
27:35 Gold Shaft Mining
27:28 Gambesons
28:43 Arson
29:35 Chain Mail Armor
30:26 Iron Casting
32:04 Hand Cart
36:48 Imperial Age
38:53 Elite Varangian Guard
40:35 Plate Mail Armor
43:07 Conscription
The Invisible Man
8:29 Loom
11:09 Feudal Age
12:36 Fishing Lines
14:52 Wheelbarrow
14:16 Double-Bit Axe
19:54 Castle Age
21:33 Bow Saw
21:48 Medium Warships
22:37 Gold Mining
22:33 Horse Collar
23:58 Hand Cart
23:29 Town Watch
23:36 Fletching
25:41 Bodkin Arrow
25:57 Crossbowman
26:43 Thumb Ring
26:46 Heavy Plow
29:04 Ballistics
32:12 Stone Mining
33:01 Gold Shaft Mining
36:25 Imperial Age
36:53 Stone Shaft Mining
38:07 Chemistry
36:31 Arbalester
40:55 Two-Man Saw
41:18 Heavy Warships
41:51 Conscription
41:53 Town Patrol
42:33 Capped Ram
Rey Gyuma
12:13 Feudal Age
10:29 Loom
15:10 Double-Bit Axe
15:10 Horse Collar
17:36 Fishing Lines
23:01 Castle Age
22:10 Gold Mining
22:33 Forging
22:14 Fletching
23:24 Scale Mail Armor
23:15 Arson
24:37 Medium Warships
25:33 Wheelbarrow
25:36 Iron Casting
24:57 Bodkin Arrow
25:03 Padded Archer Armor
25:19 Chain Mail Armor
26:14 Bow Saw
26:13 Gillnets
28:21 Ballistics
29:38 Stone Mining
31:46 Leather Archer Armor
36:06 Imperial Age
33:55 Hand Cart
33:28 Town Watch
36:27 Crossbowman
38:36 Elite Varangian Guard
39:46 Squires
40:42 Plate Mail Armor
43:10 Two-Man Saw
43:20 Conscription
43:19 Elite Jarl
Connection lost

Rejoining the realm…

Still unreachable

The connection could not be restored.

Session expired

The server has moved on; the page needs a fresh start.